 Zot Defence DCSS version 0.15.2 (webtiles) character file.

989 Jannitor the Skirmisher (level 8, -5/106 HPs)
             Began as a Hill Orc Fighter on July 5, 2017.
             Was an Initiate of Beogh.
             Slain by a polar bear (8 damage)
             ... in the Realm of Zot (Scenario I: Hall of Zot).
             The game lasted 00:04:26 (540 turns).

Jannitor the Skirmisher (Hill Orc Fighter)           Turns: 540, Time: 00:04:26

HP  -5/106       AC  7     Str 26      XL: 8   Next: 18%
MP   8/8         EV  7     Int  8      God: Beogh [......]
Gold 0           SH 11     Dex 10      Spells:  0 memorised,  7 levels left

rFire  . . .     SeeInvis .     a - +0 war axe
rCold  . . .     Clarity  .     b - +0 scale mail
rNeg   . . .     rCorr    .     c - +0 shield
rPois  .         rRot     .     (no helmet)
rElec  .         Spirit   .     (no cloak)
SustAb .         Warding  .     (no gloves)
rMut   .         Stasis   .     (no boots)
Gourm  .                        (no amulet)
MR     .....                    (no ring)
                                (no ring)

@: berserking, very quick, not resistant to hostile enchantments, extremely
unstealthy
A: no striking features
a: Make oklob sapling, Make arrow trap, Make plant, Remove Curse, Make burning
bush, Make altar, Make grenades, Make oklob plant, Make net trap, Renounce
Religion


You were in the Realm of Zot.
You worshipped Beogh.
Beogh was noncommittal.
You were not hungry.

You visited 1 branch

Inventory:

Hand weapons
 a - a +0 war axe (weapon)
Armour
 b - a +0 scale mail (worn)
 c - a +0 shield (worn)
Comestibles
 f - a meat ration
Scrolls
 k - a scroll of blinking
Potions
 d - 3 potions of curing
 e - a potion of might
 h - a potion of haste
 i - 2 potions of magic


   Skills:
 + Level 6.6 Fighting
 + Level 6.6 Axes
 + Level 6.0 Armour
 + Level 5.9 Shields


You had 7 spell levels left.
You didn't know any spells.

Dungeon Overview and Level Annotations

Branches:
    Zot (1/1)

Altars:
Beogh


Message History

Something claws your plant but does no damage. x2
The polar bear bites you!
* * * LOW HITPOINT WARNING * * *
The polar bear claws you but does no damage.
You block the polar bear's attack.
Unknown command.
You slash the polar bear!
The polar bear is moderately wounded.
The polar bear bites you!
* * * LOW HITPOINT WARNING * * *
The polar bear barely misses you. You block the polar bear's attack.
Something bites your plant.
Something claws your plant but does no damage. x2
Your oklob sapling spits acid at the polar bear.
The splash of acid hits the polar bear.
Unknown command.
Drink which item? (? for menu, Esc to quit)
A red film seems to cover your vision as you go berserk!
You feel yourself moving faster!
You feel mighty! The polar bear bites you!
You die...

▓▓▓▓▓▓▓▓ ▓▓▓▓▓▓▓▓ ....▓▓▓▓
▓▓▓▓.... .......▓▓▓ ▓▓▓.......
.........▓▓ ▓▓.........
..........▓ ▓▓▓▓▓▓▓▓▓ ▓..........
..........▓▓▓..PPP..▓▓▓..........
..........▓▓...%.....▓▓PPP.......
..........▓....%%%.%%.▓PPP.......
............)h.h@)%%)(PPP.b......
..........▓.....%.....▓PPPg......
..........▓▓.........▓▓P.P.......
..........▓▓▓..PP...▓▓▓..........
..........# ▓▓▓▓▓▓▓▓▓ #..........
.........## ##.........
.......### ###....... ....####
####.... ######### #########


You could see a polar bear (bleeding), Gaoc the black bear, a friendly burning
bush and 4 friendly oklob saplings.

Vanquished Creatures
  2 black bears (Zot)
  A worker ant (Zot)
  An ooze (Zot)
  An orc (Zot)
  A giant cockroach (Zot)
  7 bats (Zot)
  2 giant newts (Zot)
  A goblin (Zot)
  2 kobolds (Zot)
  2 rats (Zot)
20 creatures vanquished.

Vanquished Creatures (collateral kills)
  A polar bear (Zot)
  3 black bears (Zot)
  A worm (Zot)
  An adder zombie (Zot)
  3 giant cockroaches (Zot)
  2 goblins (Zot)
  A ball python (Zot)
  4 bats (Zot)
  4 giant newts (Zot)
  5 kobolds (Zot)
  A rat (Zot)
26 creatures vanquished.

Vanquished Creatures (others)
  2 plants (Zot)
2 creatures vanquished.

Grand Total: 48 creatures vanquished

Notes
Turn   | Place    | Note
--------------------------------------------------------------
     0 | Zot      | Jannitor, the Hill Orc Fighter, began the quest for the Orb.
     0 | Zot      | Reached XP level 1. HP: 19/19 MP: 1/1
   197 | Zot      | Reached XP level 2. HP: 22/27 MP: 2/2
   244 | Zot      | Reached skill level 4 in Fighting
   244 | Zot      | Reached XP level 3. HP: 22/33 MP: 3/3
   251 | Zot      | Reached XP level 4. HP: 10/41 MP: 4/4
   414 | Zot      | Reached XP level 5. HP: 45/47 MP: 5/5
   493 | Zot      | Noticed a black bear
   499 | Zot      | Noticed a black bear
   502 | Zot      | Killed a black bear
   502 | Zot      | Reached skill level 5 in Fighting
   502 | Zot      | Reached XP level 6. HP: 42/56 MP: 6/6
   504 | Zot      | Noticed a black bear
   505 | Zot      | Killed a black bear
   505 | Zot      | Reached skill level 5 in Axes
   505 | Zot      | Reached skill level 5 in Armour
   509 | Zot      | Noticed a black bear
   511 | Zot      | Killed a black bear
   511 | Zot      | Reached skill level 5 in Shields
   511 | Zot      | Reached XP level 7. HP: 39/62 MP: 7/7
   513 | Zot      | Became a worshipper of Beogh the Brigand
   516 | Zot      | Noticed a polar bear
   517 | Zot      | Killed a black bear
   517 | Zot      | Reached skill level 6 in Fighting
   518 | Zot      | Noticed a black bear
   522 | Zot      | Killed a polar bear
   522 | Zot      | Reached XP level 8. HP: 44/71 MP: 8/8
   524 | Zot      | Killed a black bear
   530 | Zot      | Noticed a polar bear
   537 | Zot      | Noticed Gaoc
   539 | Zot      | HP: 2/71 [polar bear (12)]
   540 | Zot      | Slain by a polar bear

Action                   |  1- 3 |  4- 6 |  7- 9 || total
-------------------------+-------+-------+-------++-------
Melee: War axe           |    27 |    30 |     8 ||    65
 Abil: Make oklob saplin |     1 |     1 |     2 ||     4
       Make plant        |       |     9 |     7 ||    16
       Make altar        |       |       |     1 ||     1
       Make burning bush |       |       |     1 ||     1
  Use: Potion            |       |     1 |     1 ||     2
 Stab: Distracted        |     1 |       |       ||     1
